 Dungeon Crawl Stone Soup version 0.30-a0-122-g2a1322497e (webtiles) character file.

Game seed: 12763374427714003913

1484 Newt the Sneak (level 8, -5/51 (60) HPs)
             Began as a Demonspawn Gladiator on Sept 15, 2022.
             Was a Follower of Dithmenos.
             Slain by a wight
             ... wielding a +2 great sword
              (6 damage)
             ... on level 6 of the Dungeon.
             The game lasted 00:05:40 (5051 turns).

Newt the Sneak (Demonspawn Gladiator)               Turns: 5051, Time: 00:05:40

HP:   -5/51 (60)    AC: 14    Str: 16    XL:     8   Next: 50%
MP:   8/8           EV: 15    Int: 11    God:    Dithmenos [*.....]
Gold: 217           SH:  0    Dex: 14    Spells: 7/7 levels left

rFire   . . .      SeeInvis .    j - +2 dagger (protect)
rCold   . . .      Faith    .    (no shield)
rNeg    . . .      Spirit   .    u - +2 animal skin
rPois   .          Reflect  .    v - +1 helmet
rElec   .          Harm     .    (no cloak)
rCorr   .          Rampage  .    (no gloves)
Will    .....                    (no boots)
Stlth   ++........               s - amulet of regeneration
HPRegen 0.97/turn                r - +4 ring of slaying
MPRegen 0.11/turn                G - +4 ring of protection

@: confused, ambrosia-drunk, wreathed by umbra, heavily drained
A: repulsion field 1, icemail 1, condensation shield, weakness stinger 2
a: Renounce Religion


You were on level 6 of the Dungeon.
You worshipped Dithmenos.
Dithmenos was aware of your devotion.
You visited 1 branch of the dungeon, and saw 6 of its levels.

You collected 217 gold pieces.

Inventory:

Hand Weapons
 a - a +0 rapier
 j - a +2 dagger of protection (weapon)
Missiles
 d - 4 throwing nets (quivered)
 y - 3 atropa-tipped darts
Armour
 b - a +0 leather armour
 c - a +0 helmet
 u - a +2 animal skin (worn)
 v - a +1 helmet (worn)
Jewellery
 r - a +4 ring of slaying (left hand)
 s - an amulet of regeneration (around neck)
 t - a +6 ring of intelligence
 G - a +4 ring of protection (right hand)
 H - a +6 ring of intelligence
Wands
 g - a wand of polymorph (2)
Scrolls
 k - a scroll of amnesia
 l - 2 scrolls of enchant weapon
 w - a scroll of vulnerability
 x - a scroll of magic mapping
 D - a scroll of teleportation
 F - a scroll of identify
Potions
 f - a potion of invisibility
 h - 2 potions of resistance
 i - a potion of ambrosia
 m - 2 potions of mutation {unknown}
 n - a potion of heal wounds {unknown}
 o - a potion of cancellation {unknown}
 p - 2 potions of brilliance {unknown}
 q - a potion of haste {unknown}
 z - 4 potions of degeneration {unknown}
 A - a potion of lignification {unknown}
 B - 2 potions of might {unknown}
 C - 2 potions of curing {unknown}
 E - a potion of flight {unknown}


   Skills:
 - Level 4.0 Fighting
 - Level 4.0 Short Blades
 - Level 1.7 Throwing
 - Level 4.0 Dodging
 + Level 7.7 Stealth
 - Level 4.0 Evocations


You had 7 spell levels left.
You didn't know any spells.
Your spell library contained the following spells:

 Spells                   Type           Power      Damage    Failure   Level
 Summon Small Mammal      Summ           0%         N/A       34%         1
 Call Canine Familiar     Summ           0%         N/A       71%         3
 Confusing Touch          Hex            0%         N/A       71%         3
 Ignite Poison            Fire/Tmut/Pois 0%         N/A       71%         3
 Mephitic Cloud           Conj/Pois/Air  0%         N/A       71%         3
 Summon Guardian Golem    Hex/Summ       0%         N/A       71%         3
 Tukima's Dance           Hex            0%         N/A       71%         3
 Passage of Golubria      Tloc           0%         N/A       98%         4
 Freezing Cloud           Conj/Ice/Air   0%         6-21      100%        5
 Yara's Violent Unravell  Hex/Tmut       0%         3d3       100%        5
 Enfeeble                 Hex            0%         N/A       100%        7


Dungeon Overview and Level Annotations

Branches:
Dungeon (6/15)             Temple (0/1) D:6

Altars:
Ashenzari
Dithmenos
Gozag
Qazlal
Sif Muna
Wu Jian
Xom

Shops:
D:2 (   D:4 :   D:6 *


Innate Abilities, Weirdness & Mutations

You are surrounded by a mild repulsion field. (EV +2)
A meltable icy envelope protects you from harm. (AC +4)
A meltable shield of frost defends you. (SH +4)
You have a tail ending in a sharp stinger.


Message History

You throw a throwing net. The throwing net hits the wight.
The wight is caught in the net!
The wight is severely damaged.
The wight struggles against the net.
You hit the wight but do no damage.
The wight is severely damaged.
You hit the wight but do no damage.
The wight is severely damaged.
The wight struggles against the net.
You hit the wight but do no damage.
The wight is severely damaged.
The wight struggles against the net.
You barely miss the wight.
You tail-slap the wight, but do no damage.
The wight is severely damaged.
The wight struggles against the net.
You hit the wight but do no damage.
The wight is severely damaged.
The wight struggles against the net.
The net rips apart, and the wight comes free!
You closely miss the wight.
The wight is severely damaged.
You hit the wight.
The wight is almost destroyed.
The wight hits you with a +2 great sword!
* * * LOW HITPOINT WARNING * * *
You are confused.
You feel invigorated. The wight closely misses you.
Unknown command.
The wight barely misses you. The wight closely misses you.
The wight hits you with a +2 great sword.
You feel drained.
The wight hits you with a +2 great sword!
You feel drained.
* * * LOW HITPOINT WARNING * * *
The wight hits you with a +2 great sword!!
* * * LOW HITPOINT WARNING * * *
You feel drained.
You die...

....#. z.. #... .
... #... .# ....
#... .###..... #...
...#..... #...
##........
#...##.....#...
#>.zz@~........
#...##......###
#.......$.....#
####.......##.. ##
##.#.###.# #
#..###..### ..#
####........# ##
##..#.##.....#
+++###............##


You could see 2 wights.

Vanquished Creatures
  A hornet (D:5)
  A water moccasin (D:6)
  A sky beast (D:6)
  2 black bears (D:4)
  2 ogres
  2 phantoms
  A scorpion (D:6)
  2 wights (D:6)
  2 hounds (D:5)
  A jelly (D:4)
  An orc priest (D:6)
  2 iguanas
  Robin (D:2)
  3 gnolls (D:2)
  8 adders
  A shadow imp (D:6)
  An ufetubus (D:5)
  3 worms
  2 dart slugs (D:1)
  12 orcs
  4 bats
  9 endoplasms
  3 giant cockroaches
  9 hobgoblins
  7 jackals
  5 quokkas
  3 ball pythons
  4 frilled lizards
  10 goblins
  9 kobolds
  8 rats
120 creatures vanquished.

Notes
Turn   | Place    | Note
-------+----------+-------------------------------------------
     0 | D:1      | Newt the Demonspawn Gladiator began the quest for the Orb.
     0 | D:1      | Reached XP level 1. HP: 16/16 MP: 1/1
    47 | D:1      | Reached skill level 1 in Stealth
   354 | D:1      | Gained mutation: You have a small tail. [demonic ancestry]
   354 | D:1      | Reached XP level 2. HP: 22/22 MP: 2/2
   432 | D:1      | Reached skill level 2 in Stealth
  1114 | D:2      | Found Wepsox's Weapon Boutique.
  1119 | D:2      | Noticed Robin
  1125 | D:2      | Gained mutation: You are surrounded by a mild repulsion
                  | field. (EV +2) [demonic ancestry]
  1125 | D:2      | Reached XP level 3. HP: 26/28 MP: 3/3
  1174 | D:2      | Killed Robin
  1424 | D:2      | Found a shadowy altar of Dithmenos.
  1668 | D:2      | Gained mutation: A meltable shield of frost defends you.
                  | (SH +4) [demonic ancestry]
  1668 | D:2      | Reached XP level 4. HP: 37/37 MP: 4/4
  2575 | D:3      | Noticed an ogre
  2583 | D:3      | Killed an ogre
  2584 | D:3      | Reached XP level 5. HP: 28/42 MP: 5/5
  2908 | D:2      | Became a worshipper of Dithmenos the Shadowed
  3089 | D:4      | Noticed a phantom
  3091 | D:4      | Reached XP level 6. HP: 48/48 MP: 6/6
  3102 | D:4      | Reached skill level 1 in Evocations
  3182 | D:4      | Found Wazyelo's Book Shoppe.
  3668 | D:4      | Gained mutation: A meltable icy envelope protects you from
                  | harm. (AC +4) [demonic ancestry]
  3668 | D:4      | Reached XP level 7. HP: 46/54 MP: 7/7
  3757 | D:5      | Entered Level 5 of the Dungeon
  3774 | D:5      | Reached skill level 3 in Stealth
  4110 | D:5      | Found a shimmering blue altar of Sif Muna.
  4464 | D:5      | Found a shimmering altar of Xom.
  4465 | D:5      | Found an opulent altar of Gozag.
  4465 | D:5      | Found an ornate altar of the Wu Jian Council.
  4468 | D:5      | Found a stormy altar of Qazlal.
  4469 | D:5      | Found a broken altar of Ashenzari.
  4522 | D:5      | Reached skill level 4 in Stealth
  4563 | D:5      | Noticed a hornet
  4571 | D:5      | Paralysed by a hornet for 3 turns
  4575 | D:5      | Killed a hornet
  4576 | D:5      | Reached skill level 5 in Stealth
  4728 | D:6      | Found a staircase to the Ecumenical Temple.
  4735 | D:6      | Reached * piety under Dithmenos
  4825 | D:6      | Found Haaleica's Serpentskin Sales.
  4838 | D:6      | Reached skill level 6 in Stealth
  4838 | D:6      | Gained mutation: You have a tail ending in a sharp stinger.
                  | [demonic ancestry]
  4838 | D:6      | Reached XP level 8. HP: 60/60 MP: 8/8
  5006 | D:6      | Reached skill level 7 in Stealth
  5051 | D:6      | HP: 1/54 [wight/+2 great sword (18)]
  5051 | D:6      | Slain by a wight

Illustrated notes

Levels and vault maps discovered:
D:1:      spicycebolla_arrival_ecumenical, layout_rooms, minmay_curled_crystal,
          amcnicky_mini_pool_small
D:2:      layout_basic, serial_shops, nicolae_shop_advertising_works
          [nicolae_subvault_shop_adworks], basic_altar, st_stairs_14, uniq_robin
D:3:      layout_rooms
D:4:      layout_loops_ring, serial_shops, shop_fountains
D:5:      layout_basic, minitemple, overflow_temple_1_default
D:6:      minmay_evil_eye, layout_cave_pools, temple_green,
          chequers_serial_rivers_room_b, kennysheep_donut, st_stairs_3,
          nicolae_concentric_dashed_squares_mild,
          hangedman_abyss_or_decor_stabs, guppyfry_shop_venom

Skill      XL: |  1  2  3  4  5  6  7  8 |
---------------+-------------------------+-----
Stealth        | 1 2 6 7 |  7.7
Fighting       | 3 4 |  4.0
Short Blades   | 4 |  4.0
Dodging        | 3 4 |  4.0
Evocations     | 4 |  4.0
Throwing       | |  1.7

Action                   |  1- 3 |  4- 6 |  7- 9 || total
-------------------------+-------+-------+-------++-------
Melee: Rapier            |    45 |       |       ||    45
       Dagger            |    81 |   149 |   135 ||   365
       Tailslap          |    11 |    20 |    22 ||    53
       Punch             |       |     1 |     1 ||     2
Throw: Throwing net      |     1 |       |     1 ||     2
       Javelin           |       |     1 |     1 ||     2
  Use: Scroll            |     3 |     5 |     3 ||    11
       Potion            |     1 |       |     1 ||     2
 Stab: Sleeping          |     6 |     5 |     4 ||    15
       Invisible         |     6 |       |       ||     6
       Distracted        |       |     1 |       ||     1
Armor: Leather armour    |    28 |    16 |       ||    44
       Skin              |     8 |       |       ||     8
       Animal skin       |       |    23 |    40 ||    63
Dodge: Dodged            |    80 |    80 |   109 ||   269
Block: Other             |       |    17 |    26 ||    43

Table legend: (Time is in decaauts)
 A = Elapsed time spent in this place.
 B = Non-inter-level travel time spent in this place.
 C = Inter-level travel time spent in this place.
 D = Time resting spent in this place.
 E = Time spent auto-exploring this place.
 F = Levels seen in this place.
 G = Mean time per level.
                   A        B        C        D        E       F      G
               +--------+--------+--------+--------+--------+-----+--------+
         Total |   4988 |   4720 |    268 |    489 |   3404 |   6 |  831.3 |
       Dungeon |   4988 |   4720 |    268 |    489 |   3404 |   6 |  831.3 |
               +--------+--------+--------+--------+--------+-----+--------+

Top non-repeatable levels by time:
     D:2: 1347 daAuts
     D:1: 1065 daAuts
     D:5: 959 daAuts
     D:4: 656 daAuts
     D:3: 653 daAuts
     D:6: 306 daAuts
